 Dungeon Crawl Stone Soup version 0.17.0-28-g6e173f8 (webtiles) character file.

36 septik the Magician (level 3, 0/23 HPs)
             Began as an Octopode Transmuter on Nov 30, 2015.
             Slain by a bat (1 damage)
             ... on level 2 of the Dungeon.
             The game lasted 00:02:16 (1309 turns).

septik the Magician (Octopode Transmuter)           Turns: 1309, Time: 00:02:17

Health: 0/23       AC:  1    Str:  9    XL:     3   Next: 37%
Magic:  7/7        EV:  7    Int: 15    God:
Gold:   29         SH:  0    Dex: 13    Spells: 1 memorised, 7 levels left

rFire  . . .     SeeInvis .       - Unarmed
rCold  . . .     Clarity  .     (no shield)
rNeg   . . .     SustAt   .     (helmet restricted)
rPois  .         Gourm    .     (no amulet)
rElec  .         Spirit   .     (no ring)
rCorr  .         Warding  .     (no ring)
rMut   .         Stasis   .     (no ring)
MR     .....                    (no ring)
Stlth  ++........               (no ring)
                                (no ring)
                                (no ring)
                                (no ring)

@: appendage (expiring), not resistant to hostile enchantments, unstealthy
A: almost no armour, amphibious, 8 rings, constrict 8, tentacle spike 3,
camouflage 1, gelatinous body 1
a: End Transformation


You were on level 2 of the Dungeon.
You were not hungry.
One of your tentacles had a temporary spike.
You visited 1 branch of the dungeon, and saw 2 of its levels.

You collected 29 gold pieces.

Inventory:

Missiles
 a - 12 arrows
 d - 58 stones (quivered)
 h - 2 throwing nets
 o - 8 poisoned needles
Armour
 l - a +0 buckler
Jewellery
 i - an uncursed ring of positive energy {unknown}
Scrolls
 f - 2 scrolls of teleportation {unknown}
 g - 2 scrolls of identify {unknown}
 k - a scroll of enchant armour {unknown}
 p - a scroll of random uselessness {unknown}
Potions
 e - a potion of curing {unknown}
 j - a potion of flight {unknown}
 m - a potion of haste {unknown}
Books
 b - a book of Changes

   Spells                             Type                      Level
   a - Beastly Appendage              Transmutation                1
   b - Sticks to Snakes               Transmutation                2
   c - Spider Form                    Transmutation/Poison         3
   d - Ice Form                       Ice/Transmutation            4
   e - Blade Hands                    Transmutation                5
Comestibles
 c - a bread ration
 n - a meat ration


   Skills:
 - Level 1.0 Fighting
 - Level 2.0 Dodging
 - Level 3.0 Unarmed Combat
 * Level 3.1 Spellcasting
 + Level 2.5 Transmutations


You had 7 spell levels left.
You knew the following spells:

 Your Spells              Type           Power        Failure   Level  Hunger
a - Beastly Appendage     Trmt           #.....       10%         1    #......


Dungeon Overview and Level Annotations

Branches:
Dungeon (2/15)

Altars:


Innate Abilities, Weirdness & Mutations

You cannot wear most types of armour.
You are amphibious.
You can wear up to eight rings at the same time.
You can use your tentacles to constrict eight enemies at once.
Your skin changes colour to match your surroundings (Stealth).
Your rubbery body absorbs attacks (AC +1).
One of your tentacles bears a large vicious spike.


Message History

The bat hits you but does no damage.
The hobgoblin hits you but does no damage.
The bat misses you. The bat hits you.
* * * LOW HITPOINT WARNING * * *
Your transformation is almost over.
The bat completely misses you. The adder bites you.
* * * LOW HITPOINT WARNING * * *
The bat misses you. The bat barely misses you. x2
The bat hits you but does no damage. The bat hits you.
* * * LOW HITPOINT WARNING * * *
The bat closely misses you. The bat closely misses you.
The bat closely misses you. The bat misses you.
The bat hits you but does no damage.
There is a stone staircase leading up here.
The bat hits you.
You die...

#####.#........
#.....#.....###
###.#####....##
#...###......#
##.####..###.##
########.......####.#
#......>[..#######..#
#..........# ##..##
#.......@S.#####..##
#........bK##....########
#.....[.....gg...##......
#..........##.....#.##..#
#..........#.............
##########.#.g.....###...
#>.#.......#.....
##.#........)...##
...........†##).#


You could see an adder, a hobgoblin, a goblin, a bat and a kobold.

Vanquished Creatures
  An adder (D:2)
  A giant gecko (D:2)
  A ball python (D:1)
  3 bats
  A giant cockroach (D:1)
  5 goblins
  4 hobgoblins (D:1)
  5 kobolds
  6 rats
27 creatures vanquished.

Notes
Turn   | Place    | Note
--------------------------------------------------------------
     0 | D:1      | septik the Octopode Transmuter began the quest for the Orb.
     0 | D:1      | Reached XP level 1. HP: 13/13 MP: 3/3
   220 | D:1      | Reached XP level 2. HP: 9/18 MP: 3/5
   957 | D:2      | Reached XP level 3. HP: 19/23 MP: 7/7
  1300 | D:2      | HP: 1/23 [adder (2)]
  1309 | D:2      | Slain by a bat

Action                   || total
-------------------------++-------
Melee: Unarmed           ||    65
 Cast: Beastly Appendage ||     6
 Stab: Distracted        ||     1
       Sleeping          ||     1
  Eat: Chunk             ||     1
